 Dungeon Crawl Stone Soup version 0.31.0-12-g77e489cdc1 (webtiles) character file.

Game seed: 7538070110034555126

1547 FexLirch the Twirler (level 8, -2/64 HPs)
             Began as a Human Wanderer on Mar 1, 2024.
             Was a Believer of Ru.
             Slain by a two-headed ogre
             ... wielding a +0 giant club
              (33 damage)
             ... on level 8 of the Dungeon.
             The game lasted 00:40:50 (6254 turns).

FexLirch the Twirler (Human Wanderer)               Turns: 6254, Time: 00:40:51

Health: -2/64      AC:  4    Str: 14    XL:     8   Next: 87%
Magic:  4/4        EV: 12    Int: 17    God:    Ru [**....]
Gold:   385        SH:  0    Dex:  9    Spells: 11/15 levels left

rFire   . . .        o - +7 quarterstaff of Nibiyh {antimagic, +Blink rC+ SInv}
rCold   + . .        (shield currently unavailable)
rNeg    . . .        B - +0 troll leather armour
rPois   .            (no helmet)
rElec   .            C - +0 cloak
rCorr   .            (no gloves)
SInv    +            (no boots)
Will    .....        (no amulet)
Stlth   +            (no ring)
HPRegen 1.10/turn    (no ring)
MPRegen 0.09/turn

%: no passive effects
@: no status effects
A: hated by all, explore regen
a: Renounce Religion, Evoke Blink


You were on level 8 of the Dungeon.
You worshipped Ru.
Ru was pleased with you.
You visited 2 branches of the dungeon, and saw 8 of its levels.

You collected 445 gold pieces.
You spent 60 gold pieces at shops.

Inventory:

Hand Weapons
 a - a +0 club
 m - a +0 quarterstaff
 o - the +7 quarterstaff of Nibiyh (weapon) {antimagic, +Blink rC+ SInv}
   (You found it on level 2 of the Dungeon)

   rC+:       It protects you from cold.
   SInv:      It lets you see invisible.
   +Blink:    It lets you blink.
Missiles
 f - 28 stones
 n - 6 boomerangs
 v - 2 poisoned darts
Armour
 c - a +0 robe
 y - a +0 ring mail
 B - a +0 troll leather armour (worn)
 C - a +0 cloak (worn)
Jewellery
 u - an amulet of guardian spirit
Wands
 t - a wand of digging (5)
 x - a wand of paralysis (5)
Scrolls
 g - 3 scrolls of vulnerability
 h - 2 scrolls of immolation
 j - 2 scrolls of blinking
 k - a scroll of noise {unknown}
 p - a scroll of fog {unknown}
 w - a scroll of teleportation
 z - 2 scrolls of fear
 D - 2 scrolls of enchant armour {unknown}
Potions
 b - 2 potions of lignification
 d - a potion of attraction
 e - 6 potions of curing
 l - 2 potions of enlightenment
 q - a potion of resistance {unknown}
 r - 2 potions of brilliance
 s - a potion of magic {unknown}
 A - a potion of haste {unknown}
 E - a potion of invisibility {unknown}
 F - a potion of heal wounds {unknown}


   Skills:
 + Level 6.1 Fighting
 * Level 7.1 Staves
 + Level 5.0 Dodging
 - Level 4.1 Spellcasting
 - Level 1.4 Conjurations
 - Level 1.4 Necromancy
 - Level 1.0 Fire Magic
 - Level 1.0 Invocations


You had 11 spell levels left.
You knew the following spells:

 Your Spells              Type           Power      Damage    Failure   Level
a - Kiss of Death         Conj/Necr      32%        2d7       11%         1
b - Foxfire               Conj/Fire      28%        2x1d5     12%         1
c - Blink                 Tloc           6%         N/A       30%         2

Your spell library contained the following spells:

 Spells                   Type           Power      Damage    Failure   Level
 Magic Dart               Conj           32%        1d4       11%         1
 Shock                    Conj/Air       20%        1d4       16%         1
 Searing Ray              Conj           16%        2d5       17%         2
 Sublimation of Blood     Necr           8%         N/A       17%         2
 Apportation              Tloc           6%         N/A       21%         1
 Cigotuvi's Dreadful Rot  Necr/Alch/Air  10%        N/A       24%         2
 Jinxbite                 Hex            6%         N/A       30%         2
 Swiftness                Air            3%         N/A       52%         3
 Airstrike                Air            1%         2d(1-17)  89%         4
 Alistair's Intoxication  Alch           2%         N/A       99%         5
 Call Imp                 Summ           Unusable   N/A       N/A         2
 Summon Ice Beast         Ice/Summ       Unusable   N/A       N/A         3

Dungeon Overview and Level Annotations

Branches:
Dungeon (6/15)             Temple (1/1) D:4

Altars:
Ashenzari
Cheibriados
Dithmenos
Gozag
Kikubaaqudgha
Makhleb
Okawaru
Qazlal
Ru
Trog
Uskayaw
Vehumet
Wu Jian
Xom

Shops:
D:1 =   D:3 :   D:6 ?[(

Annotations:
D:3 2 transporters, 1 runed translucent door, Crazy Yiuf; Ijyb; superradish's ghost, amateur OpSh
D:4 2 transporters
D:5 2 transporters, RancidPinata's ghost, weakling OpDe
D:8 Grum
Temple 2 transporters


Innate Abilities, Weirdness & Mutations

You are hated by all.
You regain HP and MP as you explore.


Message History

The wolf bites you.
A wolf comes into view.
The bullfrog barely misses you.
You barely miss the bullfrog.
The bullfrog is lightly wounded.
The wolf bites you. The bullfrog hits you.
The wolf bites you but does no damage.
You sock the bullfrog!
The bullfrog is heavily wounded.
The bullfrog hits you! The wolf bites you but does no damage.
Grum the Hunter comes into view.
He is wielding a +0 spear.
The bullfrog hits you but does no damage.
As you read the scroll of teleportation, it crumbles to dust.
You feel strangely unstable. The wolf closely misses you.
The bullfrog barely misses you. The wolf bites you.
You closely miss the bullfrog.
The bullfrog is heavily wounded.
The bullfrog closely misses you. The wolf barely misses you.
The bullfrog barely misses you. The wolf bites you!
You sock the bullfrog!
You kill the bullfrog!
The wolf barely misses you.
Your Staves skill increases to level 7!
You closely miss the wolf.
The wolf is severely wounded.
The wolf bites you. The wolf misses you.
A wolf comes into view.
You barely miss the wolf.
The wolf is severely wounded.
The wolf howls!
The wolf bites you!
You hit the wolf.
The wolf is severely wounded.
Your surroundings suddenly seem different.
A two-headed ogre comes into view.
It is wielding a +0 giant club and a +0 giant spiked club.
Found a book of Cantrips.
The two-headed ogre shouts in stereo!
The two-headed ogre hits you with a +0 giant club!!
Ouch! That really hurt!
You die...

###
#..##
#.O#
#.@#
#..#..#
#. ####
.. :.
##


You could see a two-headed ogre.

Vanquished Creatures
  Grinder (D:5)
  An orc warrior (D:6)
  An ice beast (D:6)
  2 phantoms (D:5)
  A centaur (D:6)
  A bullfrog (D:8)
  A scorpion (D:6)
  3 bombardier beetles
  5 orc priests
  2 jellies
  A hound (D:5)
  Natasha (thrice) (D:3)
  An iguana (D:4)
  6 orc wizards
  7 gnolls
  3 adders
  A shadow imp (D:6)
  A white imp (D:6)
  A dart slug (D:4)
  27 orcs
  6 bats
  8 endoplasms
  5 giant cockroaches
  5 goblins
  6 hobgoblins
  12 jackals
  4 kobolds
  5 quokkas
  7 ball pythons
  A frilled lizard (D:1)
  3 rats
131 creatures vanquished.

Vanquished Creatures (collateral kills)
  5 foxfires
5 creatures vanquished.

Vanquished Creatures (others)
  149 foxfires
149 creatures vanquished.

Grand Total: 285 creatures vanquished

Notes
Turn   | Place    | Note
-------+----------+-------------------------------------------
     0 | D:1      | FexLirch the Human Wanderer began the quest for the Orb.
     0 | D:1      | FexLirch set off with the following items: a +0 club, a
                  | potion of lignification, a +0 robe, a potion of attraction;
                  | and the following spells available to memorise: Kiss of
                  | Death, Foxfire, Sublimation of Blood, Cigotuvi's Dreadful
                  | Rot, Searing Ray, Summon Ice Beast.
     0 | D:1      | Reached XP level 1. HP: 18/18 MP: 5/5
    32 | D:1      | Learned a level 1 spell: Kiss of Death
    34 | D:1      | Learned a level 1 spell: Foxfire
   179 | D:1      | Reached XP level 2. HP: 22/24 MP: 5/7
   266 | D:1      | Found a faded altar of an unknown god.
   652 | D:1      | Found Buirchio's Jewellery Shop.
   707 | D:2      | Reached skill level 1 in Conjurations
   707 | D:2      | Reached XP level 3. HP: 29/29 MP: 6/8
   875 | D:2      | Reached skill level 1 in Dodging
  1397 | D:2      | Identified the +7 quarterstaff of Nibiyh {antimagic, +Blink
                  | rC+ SInv}
  1504 | D:3      | Reached skill level 1 in Fire Magic
  1557 | D:3      | Found Voff's Book Shop.
  1676 | D:3      | Noticed Natasha
  1688 | D:3      | Killed Natasha
  1689 | D:3      | Reached skill level 1 in Staves
  1689 | D:3      | Reached XP level 4. HP: 13/35 MP: 1/10
  1872 | D:3      | Noticed Natasha
  1876 | D:3      | Killed Natasha
  1913 | D:3      | Found a shimmering altar of Xom.
  2078 | D:3      | Noticed Natasha
  2086 | D:3      | Killed Natasha
  2087 | D:3      | Reached skill level 2 in Staves
  2087 | D:3      | Reached XP level 5. HP: 19/37 MP: 1/11
  2177 | D:3      | Noticed Ijyb
  2272 | D:3      | Found a transporter.
  2273 | D:3      | Noticed superradish's ghost (amateur OpSh)
  2389 | D:3      | Noticed an ogre
  2389 | D:3      | Identified the +2 dire flail "Radargh" {speed, rN+ rCorr}
  2389 | D:3      | Noticed an ogre
  2408 | D:3      | Found a transporter.
  2446 | D:3      | Found a runed translucent door.
  2447 | D:3      | Noticed Crazy Yiuf
  3103 | D:4      | Found a transporter.
  3111 | D:4      | Noticed a black bear
  3113 | D:4      | Found a transporter.
  3165 | D:4      | Reached skill level 3 in Staves
  3165 | D:4      | Reached XP level 6. HP: 24/44 MP: 4/12
  3412 | D:4      | Found a hide-covered altar of Uskayaw.
  3434 | D:4      | Found an ornate altar of the Wu Jian Council.
  3792 | D:5      | Entered Level 5 of the Dungeon
  3978 | D:4      | Reached skill level 4 in Staves
  4003 | D:4      | Found a staircase to the Ecumenical Temple.
  4015 | Temple   | Found a transporter.
  4015 | Temple   | Found a transporter.
  4015 | Temple   | Found a transporter.
  4015 | Temple   | Found a transporter.
  4015 | Temple   | Entered the Ecumenical Temple
  4035 | Temple   | Became a worshipper of Ru the Awakened
  4200 | D:4      | Reached XP level 7. HP: 55/55 MP: 4/13
  4449 | D:5      | Noticed RancidPinata's ghost (weakling OpDe)
  4458 | D:5      | Found a transporter.
  4487 | D:5      | Found a transporter.
  4655 | D:5      | Noticed Grinder
  4680 | D:5      | Killed Grinder
  4681 | D:5      | Reached skill level 5 in Fighting
  4681 | D:5      | Reached skill level 5 in Staves
  4836 | D:5      | Learned a level 2 spell: Blink
  4981 | D:5      | Reached XP level 8. HP: 62/62 MP: 1/14
  5448 | D:6      | Found a hazy altar of Hepliaklqana.
  5487 | D:6      | Reached skill level 6 in Staves
  5537 | D:6      | Gained mutation: You are hated by all. [Ru sacrifice]
  5537 | D:6      | Reached * piety under Ru
  5537 | D:6      | Reached ** piety under Ru
  5754 | D:6      | Found Gaabral's Weapon Shoppe.
  5829 | D:6      | Found Esutzaw's Armour Emporium.
  6058 | D:6      | Found Xocach's Magic Scroll Boutique.
  6062 | D:6      | Bought a scroll of identify for 20 gold pieces
  6067 | D:6      | Bought a scroll of fear for 40 gold pieces
  6114 | D:5      | Reached skill level 5 in Dodging
  6237 | D:6      | You fall into a shaft and drop 2 floors!
  6248 | D:8      | Noticed Grum
  6252 | D:8      | Reached skill level 7 in Staves
  6254 | D:8      | Noticed a two-headed ogre
  6254 | D:8      | Slain by a two-headed ogre

Illustrated notes

Levels and vault maps discovered:
D:1:      dpeg_arrival_stonehenge_12_columns, layout_basic, serial_shops,
          shop_statue, hellmonk_ecumenical_altar_blasted
D:2:      layout_loops_ring, minmay_hedge_maze, nicolae_kite_square_tiling_tiny,
          guppyfry_early_lair_pool
D:3:      layout_loops_ring, mainiacjoe_overflow_brackets, serial_shops, shop,
          gammafunk_ghost_smash, serial_bayou_pond_e, uniq_crazy_yiuf_cottage,
          uniq_natasha, uniq_ijyb
D:4:      minmay_evil_eye, layout_basic, gammafunk_temple_overflow_arena,
          temple_fountains
D:5:      layout_basic, gammafunk_ghost_stat_death, minivault_27, uniq_grinder
D:6:      layout_gridville, kennysheep_mini, serial_shops,
          nicolae_shop_rolled_up, nicolae_shop_bloodbath_and_beyond, shop
D:8:      minmay_the_grid_four_pointed_star
          [minmay_the_grid_triangle_9x9_odd_lines,
          minmay_the_grid_triangle_9x9_tough_junction,
          minmay_the_grid_triangle_9x9_semitri,
          minmay_the_grid_triangle_9x9_zippers_horizontal,
          minmay_the_grid_prize_big_room], layout_rooms, led_sif_pool,
          grunt_ministairs_8, uniq_grum
Temple:   hellmonk_temple_divided_pantheon

Skill      XL: |  1  2  3  4  5  6  7  8 |
---------------+-------------------------+-----
Conjurations   | 1 |  1.4
Dodging        | 1 2 3 4 5 |  5.0
Fire Magic     | 1 |  1.0
Staves         | 1 2 3 4 5 7 |  7.1
Fighting       | 4 5 6 |  6.1
Spellcasting   | |  4.1
Necromancy     | |  1.4
Invocations    | |  1.0

Action                     |  1- 3 |  4- 6 |  7- 9 || total
---------------------------+-------+-------+-------++-------
  Melee: Club              |    47 |       |       ||    47
         Punch             |     2 |       |       ||     2
         Quarterstaff      |    26 |   107 |   124 ||   257
   Cast: Foxfire           |    45 |    24 |    28 ||    97
         Kiss of Death     |     1 |     3 |     2 ||     6
         Blink             |       |       |     1 ||     1
 Invoke: Sacrifice Love    |       |       |     1 ||     1
  Evoke: Wand              |       |     1 |     3 ||     4
    Use: Potion            |     1 |       |       ||     1
         Scroll            |       |       |     6 ||     6
   Stab: Paralysed         |       |       |     6 ||     6
         Invisible         |       |       |     1 ||     1
 Armour: Robe              |    59 |    13 |       ||    72
         Ring mail         |       |    12 |       ||    12
         Troll leather arm |       |    29 |    96 ||   125
  Dodge: Dodged            |    76 |    49 |    77 ||   202
